 Dungeon Crawl Stone Soup version 0.29-a0-474-gdfe5cd140f (webtiles) character file.

Game seed: 10233705262737728779

144 tdiggle the Cutter (level 5, -2/42 HPs)
             Began as a Human Berserker on May 23, 2022.
             Was a Follower of Trog.
             Slain by an orc
             ... wielding a +0 war axe
              (9 damage)
             ... on level 5 of the Dungeon.
             The game lasted 00:11:23 (3335 turns).

tdiggle the Cutter (Human Berserker)                Turns: 3335, Time: 00:11:23

Health: -2/42      AC: 13    Str: 19    XL:     5   Next: 51%
Magic:  5/5        EV:  6    Int:  7    God:    Trog [*.....]
Gold:   58         SH:  0    Dex: 13    Spells: 4/4 levels left

rFire   . . .      SeeInvis +   p - +0 mace
rCold   . . .      Faith    .   (no shield)
rNeg    . . .      Spirit   .   m - +0 plate armour
rPois   +          Reflect  .   g - +1 helmet {SInv}
rElec   .          Harm     .   (no cloak)
rCorr   .          Rampage  .   (no gloves)
Will    .....                   (no boots)
Stlth   ..........              (no amulet)
HPRegen 0.14/turn               d - ring of poison resistance
MPRegen 0.09/turn               (no ring)

@: confused
A: no striking features
a: Renounce Religion, Berserk


You were on level 5 of the Dungeon.
You worshipped Trog.
Trog was aware of your devotion.
You visited 1 branch of the dungeon, and saw 5 of its levels.

You collected 58 gold pieces.

Inventory:

Hand Weapons
 a - a +0 short sword
 c - a +0 spear
 f - a +0 hunting sling
 p - a +0 mace (weapon)
Missiles
 e - 53 stones (quivered)
 n - 6 poisoned darts
Armour
 g - a +1 helmet of see invisible (worn)
 h - a +0 robe
 m - a +0 plate armour (worn)
Jewellery
 d - a ring of poison resistance (left hand)
 k - a ring of positive energy
Scrolls
 b - 3 scrolls of fog {unknown}
 j - a scroll of vulnerability {unknown}
 l - 2 scrolls of magic mapping {unknown}
Potions
 i - a potion of heal wounds {unknown}
 o - a potion of mutation {unknown}
 q - a potion of curing {unknown}


   Skills:
 + Level 4.0 Fighting
 + Level 4.0 Short Blades
 + Level 3.3 Armour
 + Level 2.3 Dodging


You had 4 spell levels left.
You didn't know any spells.
Your spell library contained the following spells:

 Spells                   Type           Power      Damage    Failure   Level
 Apportation              Tloc           0%         N/A       100%        1
 Alistair's Intoxication  Tmut/Pois      0%         N/A       100%        5
 Dispersal                Tloc           0%         N/A       100%        6
 Disjunction              Tloc           0%         N/A       100%        8


Dungeon Overview and Level Annotations

Branches:
Dungeon (5/15)
 Temple: D:4-7

Altars:
Elyvilon
Zin

Shops:
D:2 (   D:3 [


Message History

Found a hand axe.
The orc barely misses you. The orc hits you with a +0 short sword.
The orc hits you but does no damage. x2
The orc wizard hits you but does no damage.
An orc priest comes into view. It is wielding a +0 club.
The orc closely misses you.
The orc wizard points at you and mumbles some strange words.
You are confused.
The orc barely misses you. x2
The orc priest begins to cast a cantrip, but forgets the words!
You hit the orc.
The orc is severely wounded.
The orc hits you with a +0 war axe. The orc hits you but does no damage.
The orc wizard gestures at you while chanting.
You are more confused.
The orc hits you but does no damage.
You closely miss the orc. The orc hits you with a +0 war axe.
The orc hits you but does no damage.
The orc wizard gestures at you while chanting.
You are more confused.
The orc wizard hits you but does no damage.
The orc barely misses you. The orc closely misses you.
The orc hits you but does no damage.
You barely miss the orc. The orc hits you with a +0 war axe.
The orc completely misses you. The orc hits you but does no damage.
The orc wizard casts a spell at you.
You are more confused.
The orc priest calls down the wrath of Beogh upon you.
Beogh smites you!
Unknown command.
You bump into the rock wall.
The orc barely misses you. The orc closely misses you.
The orc wizard casts a spell at you.
You are more confused.
The orc priest invokes the aid of Beogh against you.
Beogh smites you!
* * * LOW HITPOINT WARNING * * *
The orc hits you but does no damage.
You bump into the rock wall.
The orc hits you with a +0 war axe!
You die...

..# ....########....# ..
.....#.#.#.#...## ).
#..#..........#
#.###(....##......#
#.#...............#
##.......$#....<###
#...............# #####
#....oo##......## #....
#..o..@.........###.≈≈.
........oo##...........≈≈P
..........#...#...##....PP
###.....###............P.♣
#..###..#............#♣.♣
.... ......#...<....##♣..
#.. .... #..#.....#.##♣.♣
.... ##...##.##..#..♣
#.....#..#..#.P.


You could see an orc priest, an orc wizard (invisible) and 3 orcs.

Vanquished Creatures
  An iguana (D:5)
  Natasha (D:2)
  7 adders
  2 orcs
  2 bats (D:1)
  2 endoplasms (D:2)
  2 giant cockroaches
  3 goblins
  5 hobgoblins
  4 frilled lizards
  3 kobolds (D:1)
  2 rats
34 creatures vanquished.

Vanquished Creatures (others)
  5 plants (D:1)
5 creatures vanquished.

Grand Total: 39 creatures vanquished

Notes
Turn   | Place    | Note
-------+----------+-------------------------------------------
     0 | D:1      | tdiggle the Human Berserker began the quest for the Orb.
     0 | D:1      | Reached XP level 1. HP: 18/18 MP: 1/1
   704 | D:1      | Reached XP level 2. HP: 22/24 MP: 2/2
   855 | D:1      | Found a faded altar of an unknown god.
   908 | D:1      | You fall into a shaft and drop 1 floor!
  1738 | D:2      | Noticed Natasha
  1748 | D:2      | Noticed a crimson imp
  1750 | D:2      | Noticed a crimson imp
  1774 | D:2      | Killed Natasha
  1775 | D:2      | Reached XP level 3. HP: 12/29 MP: 3/3
  1815 | D:2      | Found Archeal's Weapon Shop.
  1850 | D:2      | Reached XP level 4. HP: 13/35 MP: 4/4
  2552 | D:3      | Found a glowing silver altar of Zin.
  2979 | D:3      | Found Xasapic's Armour Shop.
  3055 | D:4      | Reached XP level 5. HP: 28/41 MP: 5/5
  3210 | D:5      | Entered Level 5 of the Dungeon
  3269 | D:5      | Found a white marble altar of Elyvilon.
  3335 | D:5      | Slain by an orc

Illustrated notes

Levels and vault maps discovered:
D:1:      lightli_arrival_farm, layout_loops_ring,
          shapermc_ecumenical_altar_mp_ritualfount
D:2:      layout_basic, serial_shops, nicolae_shop_waterfront,
          minmay_misc_feat_diagonals, uniq_natasha
D:3:      layout_rooms, mainiacjoe_overflow_catch_the_wave, serial_shops,
          nicolae_shop_crystal, ebering_ghost_disaster_area, minivault_14,
          minmay_puff, uniq_sigmund
D:4:      minmay_door_path, layout_gridville, minmay_misc_feat_nine_boxes,
          uniq_eustachio
D:5:      nicolae_cairo_tiling_large_dashed, layout_cave_pools,
          nicolae_elyvilon_peaceful_grove

Skill      XL: |  1  2  3  4  5 |
---------------+----------------+-----
Short Blades   | 4 |  4.0
Armour         | 3 |  3.3
Fighting       | 4 |  4.0
Dodging        | |  2.3

Action                   |  1- 3 |  4- 6 || total
-------------------------+-------+-------++-------
Melee: Short sword       |   122 |    70 ||   192
       Punch             |     2 |       ||     2
       Mace              |       |    40 ||    40
Armor: Robe              |    21 |       ||    21
       Plate armour      |    36 |   122 ||   158
Dodge: Dodged            |    53 |    50 ||   103

Table legend: (Time is in decaauts)
 A = Elapsed time spent in this place.
 B = Non-inter-level travel time spent in this place.
 C = Inter-level travel time spent in this place.
 D = Time resting spent in this place.
 E = Time spent auto-exploring this place.
 F = Levels seen in this place.
 G = Mean time per level.
                   A        B        C        D        E       F      G
               +--------+--------+--------+--------+--------+-----+--------+
         Total |   3387 |   3386 |      1 |   2213 |     85 |   5 |  677.4 |
       Dungeon |   3387 |   3386 |      1 |   2213 |     85 |   5 |  677.4 |
               +--------+--------+--------+--------+--------+-----+--------+

Top non-repeatable levels by time:
     D:2: 1647 daAuts
     D:1: 945 daAuts
     D:3: 470 daAuts
     D:4: 192 daAuts
     D:5: 132 daAuts
